 Dungeon Crawl Stone Soup version 0.17.1-3-g152610e (webtiles) character file.

12572 Gargoyl the Fighter (level 11, -3/95 HPs)
             Began as a Demonspawn Abyssal Knight on Feb 22, 2016.
             Was an Elder of Lugonu.
             Slain by a yak (10 damage)
             ... on level 11 of the Dungeon.
             The game lasted 00:39:21 (13112 turns).

Gargoyl the Fighter (Demonspawn Abyssal Knight)    Turns: 13112, Time: 00:39:21

Health: -3/95      AC: 18    Str: 14 (16) XL:     11   Next: 64%
Magic:  19/19      EV:  1    Int: 12 (15) God:    Lugonu [****..]
Gold:   895        SH: 15    Dex:  8 (13) Spells: 0 memorised, 15 levels left

rFire  . . .     SeeInvis .     i - +3 hand axe
rCold  + . .     Clarity  .     H - +0 plate armour
rNeg   + . .     SustAt   .     E - +2 large shield
rPois  .         Gourm    .     (helmet restricted)
rElec  .         Spirit   .     z - +0 cloak
rCorr  +         Warding  .     (no gloves)
rMut   .         Stasis   .     (boots unavailable)
MR     .....                    y - amulet of resist corrosion
Stlth  ..........               x - ring of positive energy
                                c - ring of protection from cold

@: not resistant to hostile enchantments, extremely unstealthy
A: horns 1, talons 3, icy blue scales 2, clever 1, deterioration 2, high mp 2,
powered by death 1, robust 1
a: Depart the Abyss, Bend Space, Banish, Corrupt, Renounce Religion


You were on level 11 of the Dungeon.
You worshipped Lugonu.
Lugonu was greatly pleased with you.
You were not hungry.

You visited 1 branch of the dungeon, and saw 13 of its levels.
You visited the Abyss 2 times.
You also visited: Sewer.

You collected 895 gold pieces.

Inventory:

Hand Weapons
 i - a +3 hand axe (weapon)
 k - a +0 war axe
Missiles
 g - 6 javelins (quivered)
 p - 2 tomahawks
Armour
 d - a +0 helmet
 q - a +0 pair of boots
 w - a +1 helmet of see invisible
 z - a +0 cloak (worn)
 E - a +2 large shield (worn)
 H - a +0 plate armour (worn)
Jewellery
 c - a ring of protection from cold (left hand)
 x - a ring of positive energy (right hand)
 y - an amulet of resist corrosion (around neck)
Wands
 b - a wand of lightning (0)
 f - a wand of magic darts (21)
Scrolls
 e - 2 scrolls of blinking
 l - 6 scrolls of identify
 n - 6 scrolls of remove curse
 G - 2 scrolls of enchant weapon
Potions
 h - 2 potions of haste
 m - 2 potions of curing
 o - a potion of flight
 v - 2 potions of lignification
Books
 u - a book of Clouds

   Spells                             Type                      Level
   a - Mephitic Cloud                 Conjuration/Poison/Air       3
   b - Conjure Flame                  Conjuration/Fire             3
   c - Poisonous Cloud                Conjuration/Poison/Air       6
   d - Freezing Cloud                 Conjuration/Ice/Air          6
   e - Ring of Flames                 Charms/Fire                  7
 D - a book of Summonings

   Spells                             Type                      Level
   a - Recall                         Summoning/Translocation      3
   b - Aura of Abjuration             Summoning                    5
   c - Shadow Creatures               Summoning                    5
   d - Summon Demon                   Summoning                    5
   e - Summon Forest                  Summoning/Translocation      5
   f - Summon Mana Viper              Hexes/Summoning              5
 F - a book of Party Tricks

   Spells                             Type                      Level
   a - Summon Butterflies             Summoning                    1
   b - Apportation                    Translocation                1
   c - Tukima's Dance                 Hexes                        3
   d - Alistair's Intoxication        Transmutation/Poison         4
   e - Invisibility                   Hexes                        6
Comestibles
 a - 4 beef jerkies
 s - 5 bread rations
 A - a meat ration


   Skills:
 + Level 8.7 Fighting
 + Level 7.8(8.1) Axes
   Level 2.6(5.6) Maces & Flails
 + Level 2.6 Throwing
 + Level 8.5 Armour
 + Level 6.2 Dodging
 + Level 3.3 Stealth
 + Level 5.1 Shields
 + Level 2.6 Unarmed Combat
 + Level 2.6 Spellcasting
 + Level 6.7 Invocations
 + Level 2.8 Evocations


You had 15 spell levels left.
You didn't know any spells.

Dungeon Overview and Level Annotations

Branches:
Dungeon (13/15)            Temple (0/1) D:7             Orc (0/4) D:11
   Lair: D:8-11      Vaults: D:13-14

Altars:
Cheibriados
Elyvilon
Kikubaaqudgha
Makhleb
Sif Muna
Trog

Portals:
Ice
Cave: D:13

Annotations:
D:9 Prince Ribbit
D:10 Harold, Maurice


Innate Abilities, Weirdness & Mutations

You have claws for feet.
You are mostly covered in icy blue scales (AC +3, EV -1).
You regenerate a little health from kills.
You have a pair of small horns on your head.
Your mind is acute. (Int +2)
Your body often deteriorates upon taking damage.
You have a considerably increased reservoir of magic (+20% MP).
You are robust (+10% HP).


Message History

The yak gores you.
* * * LOW HITPOINT WARNING * * *
You slash the yak! You claw the yak, but do no damage.
Your headbutt misses the yak.
The yak is almost dead.
The yak gores you but does no damage.
You hit the yak but do no damage. You claw the yak, but do no damage.
You headbutt the yak, but do no damage.
The yak is almost dead.
You block the yak's attack.
Your shield and plate armour prevent you from hitting the yak.
You claw the yak, but do no damage.
The yak is almost dead.
The yak gores you but does no damage. x2
You hit the yak.
You kill the yak!
Lugonu accepts your kill.
You hit the yak but do no damage. Your headbutt misses the yak.
The yak gores you!
You die...

######### #...@Y..#
###.#####.# #...#.....#
#### ##.###.#Y.Y##
+..#####....#......#
#..#......#..Y.....#
#..#...(..#Y##.....#
+##..#......#.##.....#
.....#.###....##.###.#.


You could see a yak.

Vanquished Creatures
  The ghost of kropeczka the Covered, a novice MiFi of Okawaru (D:7)
  The ghost of urm the Archer, a novice CeHu of Okawaru (D:6)
  2 trolls
  3 slime creatures (D:12)
  6 yaks
  A wyvern (D:9)
  A steam dragon (D:9)
  2 orc warriors
  2 black bears (D:8)
  4 sky beasts
  A wasp (D:9)
  3 ice beasts
  2 centaurs
  An ogre (D:9)
  3 phantoms
  3 necrophages
  2 big kobolds
  5 giant frogs
  3 crocodiles
  10 killer bees
  5 scorpions
  10 wights
  A quasit (D:8)
  3 crimson imps
  3 centaur zombies
  5 hounds
  3 jellies
  A giant frog skeleton (D:4)
  7 orc priests
  3 centaur skeletons
  11 orc wizards
  9 worker ants
  5 iguanas
  3 hound skeletons
  4 gnolls (D:6)
  4 shadow imps
  14 adders
  12 white imps (D:13)
  2 oozes (Sewer)
  3 adder skeletons (D:4)
  8 worms
  13 giant geckos
  29 orcs
  2 ball pythons (Sewer)
  5 bats
  7 hobgoblins
  11 jackals
  3 quokkas
  6 giant cockroaches
  A giant gecko zombie (D:7)
  9 giant newts
  7 goblins
  A jackal skeleton (D:4)
  A jackal zombie (D:7)
  17 kobolds
  10 rats
294 creatures vanquished.

Vanquished Creatures (others)
  A hydra (D:11)
  A troll (D:9)
  The ghost of urm the Grasshopper, an amateur CeWr of Sif Muna (D:4)
  A hungry ghost (D:7)
4 creatures vanquished.

Grand Total: 298 creatures vanquished

Notes
Turn   | Place    | Note
--------------------------------------------------------------
     0 | Abyss:1  | Gargoyl the Demonspawn Abyssal Knight began the quest for the Orb.
     0 | Abyss:1  | Reached XP level 1. HP: 18/18 MP: 2/2
    40 | Abyss:1  | Noticed a purple draconian
    92 | Abyss:2  | Noticed a large abomination
    99 | D:1      | Escaped the Abyss
   384 | D:1      | Reached * piety under Lugonu
   513 | D:1      | Gained mutation: You have sharp toenails. [demonic ancestry]
   513 | D:1      | Reached XP level 2. HP: 24/24 MP: 3/3
   988 | D:2      | Gained mutation: You are partially covered in icy blue scales (AC +1). [demonic ancestry]
   988 | D:2      | Reached XP level 3. HP: 12/30 MP: 3/5
   992 | D:2      | Reached skill level 1 in Dodging
  1441 | D:2      | Reached skill level 4 in Fighting
  1541 | D:2      | Gained mutation: You are mostly covered in icy blue scales (AC +3, EV -1). [demonic ancestry]
  1541 | D:2      | Reached XP level 4. HP: 37/37 MP: 6/6
  1585 | D:2      | Reached ** piety under Lugonu
  2329 | D:3      | Gained mutation: You regenerate a little health from kills. [demonic ancestry]
  2329 | D:3      | Reached XP level 5. HP: 24/42 MP: 7/7
  2772 | D:4      | Reached *** piety under Lugonu
  2814 | D:4      | Found a glowing drain.
  2828 | Sewer    | Entered a sewer
  3337 | Sewer    | Gained mutation: You have razor-sharp toenails. [demonic ancestry]
  3337 | Sewer    | Reached XP level 6. HP: 33/49 MP: 8/8
  3570 | D:4      | Noticed urm's ghost (amateur CeWr)
  3728 | D:4      | Banished urm's ghost
  3728 | D:4      | Reached skill level 5 in Fighting
  3728 | D:4      | Reached XP level 7. HP: 18/56 MP: 4/9
  4072 | D:4      | Found a burning altar of Makhleb.
  4442 | D:4      | Reached **** piety under Lugonu
  4703 | D:5      | Entered Level 5 of the Dungeon
  4943 | D:5      | Reached XP level 8. HP: 8/64 MP: 10/10
  5388 | D:5      | Found a snail-covered altar of Cheibriados.
  5674 | D:5      | Reached skill level 6 in Fighting
  5674 | D:5      | Reached skill level 5 in Armour
  5864 | D:6      | Found an ancient bone altar of Kikubaaqudgha.
  5881 | D:6      | Reached skill level 1 in Stealth
  5886 | D:6      | Reached skill level 5 in Axes
  6002 | D:6      | Cast into the Abyss (gnoll)
  6012 | Abyss:1  | Noticed a sixfirhy
  6013 | D:6      | Escaped the Abyss
  6078 | D:6      | Gained mutation: You are frail (-10% HP). [mutagenic meat]
  6079 | D:6      | Gained mutation: You passively map a small area around you. [mutagenic meat]
  6080 | D:6      | Gained mutation: You are clumsy. (Dex -2) [mutagenic meat]
  6081 | D:6      | Gained mutation: You are covered in fur (AC +1). [mutagenic meat]
  6082 | D:6      | Gained mutation: You have a pair of small horns on your head. [mutagenic meat]
  6346 | D:6      | Found a white marble altar of Elyvilon.
  6446 | D:6      | Noticed urm's ghost (novice CeHu)
  6469 | D:6      | Killed urm's ghost
  6469 | D:6      | Gained mutation: You have claws for feet. [demonic ancestry]
  6469 | D:6      | Reached XP level 9. HP: 39/63 MP: 12/12
  7013 | D:7      | Reached skill level 7 in Fighting
  7013 | D:7      | Reached skill level 5 in Dodging
  7013 | D:7      | Reached XP level 10. HP: 55/70 MP: 12/14
  7014 | D:7      | Lost mutation: You passively map a small area around you. [potion of cure mutation]
  7014 | D:7      | Lost mutation: You are clumsy. (Dex -2) [potion of cure mutation]
  7014 | D:7      | Lost mutation: You are frail (-10% HP). [potion of cure mutation]
  7014 | D:7      | Lost mutation: You are covered in fur (AC +1). [potion of cure mutation]
  7014 | D:7      | Lost mutation: You have a pair of small horns on your head. [potion of cure mutation]
  7356 | D:7      | Noticed kropeczka's ghost (novice MiFi)
  7402 | D:7      | Killed kropeczka's ghost
  7556 | D:7      | Found a staircase to the Ecumenical Temple.
  7785 | D:7      | Gained mutation: Your body sometimes deteriorates upon taking damage. [mutagenic meat]
  7786 | D:7      | Gained mutation: You evolve. [mutagenic meat]
  7787 | D:7      | Gained mutation: You have an increased reservoir of magic (+10% MP). [mutagenic meat]
  7788 | D:7      | Gained mutation: Your body often deteriorates upon taking damage. [mutagenic meat]
  7789 | D:7      | Gained mutation: Your mind is acute. (Int +2) [mutagenic meat]
  8095 | D:8      | HP: 2/80 [something (5)]
  8107 | D:8      | Gained mutation: Potions and wands are less effective at restoring your health. [mutagenic meat]
  8108 | D:8      | Gained mutation: You have a pair of small horns on your head. [mutagenic meat]
  8109 | D:8      | Gained mutation: You have a considerably increased reservoir of magic (+20% MP). [mutagenic meat]
  8110 | D:8      | Lost mutation: You evolve. [mutagenic meat]
  8840 | D:8      | Found a deep blue altar of Sif Muna.
  9476 | D:9      | Reached XP level 11. HP: 60/86 MP: 18/18
  9484 | D:9      | Reached skill level 8 in Fighting
  9956 | D:9      | Reached ***** piety under Lugonu
 10747 | D:9      | Noticed Prince Ribbit
 11207 | D:10     | Entered Level 10 of the Dungeon
 11446 | D:10     | Noticed Maurice
 11494 | D:10     | You fall through a shaft for 3 floors!
 11494 | D:13     | Found a frozen archway.
 11589 | D:13     | Noticed a hill giant
 11603 | D:13     | Banished a hill giant
 12121 | D:12     | Found a bloodstained altar of Trog.
 12423 | D:12     | Noticed a hill giant
 12450 | D:11     | Reached skill level 5 in Shields
 12476 | D:11     | Gained mutation: You are robust (+10% HP). [mutagenic meat]
 12481 | D:11     | Lost mutation: Potions and wands are less effective at restoring your health. [mutagenic meat]
 12556 | D:11     | Noticed a five-headed hydra
 12568 | D:11     | Banished a five-headed hydra
 13005 | D:10     | Noticed Harold
 13008 | D:11     | Found a staircase to the Orcish Mines.
 13107 | D:11     | HP: 3/95 [yak (6)]
 13112 | D:11     | Slain by a yak

Action                   |  1- 3 |  4- 6 |  7- 9 | 10-12 || total
-------------------------+-------+-------+-------+-------++-------
Melee: Hand axe          |   105 |   300 |   407 |   978 ||  1790
       Flail             |       |       |       |     5 ||     5
Throw: Javelin           |       |       |       |    11 ||    11
Invok: Depart the Abyss  |     1 |       |     1 |       ||     2
       Bend Space        |       |     1 |       |     1 ||     2
       Banish            |       |     1 |     1 |     8 ||    10
Evoke: Wand              |       |       |       |     3 ||     3
  Use: Scroll            |     5 |     2 |     4 |    12 ||    23
       Potion            |     2 |     5 |     3 |    10 ||    20
  Eat: Fruit             |     2 |       |     3 |       ||     5
       Chunk             |     1 |     3 |     8 |    17 ||    29
       Bread ration      |       |     1 |     1 |     3 ||     5
       Beef jerky        |       |       |     1 |     3 ||     4
       Pizza             |       |       |     1 |       ||     1
       Meat ration       |       |       |       |     2 ||     2
